 Dungeon Crawl Stone Soup version 0.30-a0-6-g7c9e10e132 (webtiles) character file.

Game seed: 17842927567683791633

116 SensoryNuts the Trooper (level 4, 0/37 HPs)
             Began as a Demonspawn Fighter on Aug 23, 2022.
             Slain by Natasha (4 damage)
             ... on level 2 of the Dungeon.
             The game lasted 00:01:28 (4318 turns).

SensoryNuts the Trooper (Demonspawn Fighter)        Turns: 4318, Time: 00:01:28

Health: 0/37       AC: 11    Str: 16    XL:     4   Next: 70%
Magic:  4/4        EV:  4    Int: 10    God:
Gold:   107        SH:  5    Dex: 14    Spells: 3/3 levels left

rFire   . . .      SeeInvis .    a - +0 war axe
rCold   . . .      Faith    .    c - +0 buckler
rNeg    . . .      Spirit   .    f - +0 plate armour
rPois   .          Reflect  .    (no helmet)
rElec   .          Harm     .    (no cloak)
rCorr   .          Rampage  .    (no gloves)
Will    .....                    (no boots)
Stlth   ..........               (no amulet)
HPRegen 0.12/turn                (no ring)
MPRegen 0.18/turn                (no ring)

@: no status effects
A: claws 1, magic regeneration
a: no special abilities


You were on level 2 of the Dungeon.
You visited 1 branch of the dungeon, and saw 2 of its levels.

You collected 107 gold pieces.

Inventory:

Hand Weapons
 a - a +0 war axe (weapon)
Armour
 c - a +0 buckler (worn)
 f - a +0 plate armour (worn)
 g - a +0 helmet
Scrolls
 b - a scroll of vulnerability {unknown}
 e - a scroll of noise {unknown}
 j - a scroll of teleportation {unknown}
 k - a scroll of fear {unknown}
Potions
 d - a potion of might
 h - a potion of flight {unknown}
 i - a potion of attraction {unknown}
 l - a potion of magic {unknown}


   Skills:
 + Level 3.7 Fighting
 + Level 3.0 Axes
 + Level 3.3 Armour
 + Level 3.3 Shields


You had 3 spell levels left.
You didn't know any spells.
Your spell library contained the following spells:

 Spells                   Type           Power      Damage    Failure   Level
 Gell's Gravitas          Tloc           0%         N/A       100%        3
 Lesser Beckoning         Tloc           0%         N/A       100%        3
 Teleport Other           Tloc           0%         N/A       100%        3
 Freezing Cloud           Conj/Ice/Air   0%         6-21      100%        5
 Simulacrum               Ice/Necr       0%         N/A       100%        6
 Malign Gateway           Summ/Tloc      0%         N/A       100%        7
 Summon Horrible Things   Summ           0%         N/A       100%        8
 Polar Vortex             Ice            0%         N/A       100%        9


Dungeon Overview and Level Annotations

Branches:
Dungeon (2/15)

Altars:

Annotations:
D:2 Natasha


Innate Abilities, Weirdness & Mutations

You have sharp fingernails.
You regenerate magic rapidly.


Message History

Natasha is heavily wounded.
Natasha zaps a wand.
The puff of flame hits you. Natasha claws you.
You closely miss Natasha.
Natasha is heavily wounded.
Natasha zaps a wand.
You block the puff of flame.
You closely miss Natasha.
Natasha is heavily wounded.
Natasha barely misses you.
You barely miss Natasha.
Natasha is heavily wounded.
Natasha zaps a wand.
The puff of flame hits you.
Natasha zaps a wand.
The puff of flame hits you but does no damage.
Unknown command.
You are too injured to fight recklessly!
You are too injured to fight recklessly!
You are too injured to fight recklessly!
You are too injured to fight recklessly!
You are too injured to fight recklessly!
You miss Natasha.
Natasha is heavily wounded.
Natasha claws you but does no damage.
You closely miss Natasha.
Natasha is heavily wounded.
Natasha zaps a wand.
The puff of flame hits you.
Natasha zaps a wand.
You block the puff of flame.
You hit Natasha.
Natasha is heavily wounded.
Natasha claws you.
You closely miss Natasha.
Natasha is heavily wounded.
Natasha zaps a wand.
The puff of flame hits you.
* * * LOW HITPOINT WARNING * * *
You hit Natasha but do no damage.
Natasha is heavily wounded.
You block Natasha's attack.
Natasha zaps a wand.
The puff of flame hits you.
* * * LOW HITPOINT WARNING * * *
You hit Natasha.
Natasha is severely wounded.
Natasha claws you.
You die...

########..# #............. #..#
#.#####...).## #.#######.#
#....... ############.#.......#
#....... .............#.#######
#....... ############....#
#.....## #....# #.......
###....#### #..####. ##
#...>..@..# ####..# #. .#
#..(....h.####.....####. .#
#.......................
.############...#######.##.#####.
...†....# #...# #.##.# ##.
..#####.### #...# #.##.# #..
..........####.########.##.####..
#.#####.........)................
#.# ###^####............#......


You could see Natasha.

Vanquished Creatures
  Natasha (twice) (D:2)
  Robin (D:2)
  An adder (D:2)
  A worm (D:2)
  A dart slug (D:1)
  2 ball pythons (D:1)
  An endoplasm (D:2)
  8 goblins
  11 hobgoblins
  3 jackals (D:2)
  2 quokkas
  A frilled lizard (D:1)
  3 kobolds
  A rat (D:1)
38 creatures vanquished.

Vanquished Creatures (others)
  A goblin (D:2)
1 creature vanquished.

Grand Total: 39 creatures vanquished

Notes
Turn   | Place    | Note
-------+----------+-------------------------------------------
     0 | D:1      | SensoryNuts the Demonspawn Fighter began the quest for the
                  | Orb.
     0 | D:1      | Reached XP level 1. HP: 18/18 MP: 1/1
   420 | D:1      | Gained mutation: You have sharp fingernails. [demonic
                  | ancestry]
   420 | D:1      | Reached XP level 2. HP: 24/24 MP: 2/2
  1002 | D:2      | Noticed Robin
  1022 | D:2      | Killed Robin
  1023 | D:2      | Gained mutation: You regenerate magic rapidly. [demonic
                  | ancestry]
  1023 | D:2      | Reached XP level 3. HP: 28/29 MP: 3/3
  1970 | D:2      | Reached XP level 4. HP: 35/35 MP: 4/4
  2046 | D:2      | Noticed Natasha
  2052 | D:2      | Killed Natasha
  2689 | D:2      | Noticed Natasha
  2697 | D:2      | Killed Natasha
  4298 | D:2      | Noticed Natasha
  4318 | D:2      | Slain by Natasha

Illustrated notes

Levels and vault maps discovered:
D:1:      doesnt_arrival_eight_statues, layout_basic
D:2:      layout_loops_ring, uniq_robin, uniq_natasha

Skill      XL: |  1  2  3  4 |
---------------+-------------+-----
Shields        | 3 |  3.3
Armour         | 3 |  3.3
Axes           | 2 3 |  3.0
Fighting       | |  3.7

Action                   |  1- 3 |  4- 6 || total
-------------------------+-------+-------++-------
Melee: War axe           |   108 |    26 ||   134
Armor: Plate armour      |    83 |    10 ||    93
       Scale mail        |     1 |       ||     1
Dodge: Dodged            |    28 |     4 ||    32
Block: Buckler           |    32 |     6 ||    38

Table legend: (Time is in decaauts)
 A = Elapsed time spent in this place.
 B = Non-inter-level travel time spent in this place.
 C = Inter-level travel time spent in this place.
 D = Time resting spent in this place.
 E = Time spent auto-exploring this place.
 F = Levels seen in this place.
 G = Mean time per level.
                   A        B        C        D        E       F      G
               +--------+--------+--------+--------+--------+-----+--------+
         Total |   4386 |   4362 |     24 |   1969 |   1994 |   2 | 2193.0 |
       Dungeon |   4386 |   4362 |     24 |   1969 |   1994 |   2 | 2193.0 |
               +--------+--------+--------+--------+--------+-----+--------+

Top non-repeatable levels by time:
     D:2: 3376 daAuts
     D:1: 1010 daAuts
